 Dungeon Crawl Stone Soup version 0.29-a0-284-gf9362112df (webtiles) character file.

Game seed: 5646676024916299970

240 jmlagarto the Sneak (level 6, -7/33 HPs)
             Began as a Kobold Enchanter on Mar 14, 2022.
             Was a Follower of Qazlal.
             Mangled by an iguana (12 damage)
             ... on level 4 of the Dungeon.
             The game lasted 00:09:17 (4622 turns).

jmlagarto the Sneak (Kobold Enchanter)              Turns: 4622, Time: 00:09:17

Health: -7/33      AC:  5    Str:  5    XL:     6   Next: 29%
Magic:  9/9        EV: 15    Int: 17    God:    Qazlal [*.....]
Gold:   768        SH:  1    Dex: 17    Spells: 6/9 levels left

rFire   . . .      SeeInvis .   s - +2 dagger (venom)
rCold   . . .      Faith    .   (no shield)
rNeg    . . .      Spirit   .   b - +0 robe
rPois   .          Reflect  .   (no helmet)
rElec   .          Harm     .   (no cloak)
rCorr   .          Rampage  .   (no gloves)
Will    .....                   d - +2 pair of boots {Stlth+}
Stlth   ++++++....              (no amulet)
HPRegen 0.11/turn               (no ring)
MPRegen 0.11/turn               (no ring)

@: no status effects
A: small, no large weapons, nightstalker 3
a: Renounce Religion


You were on level 4 of the Dungeon.
You worshipped Qazlal.
Qazlal was aware of your devotion.
You visited 1 branch of the dungeon, and saw 5 of its levels.

You collected 1004 gold pieces.
You spent 236 gold pieces at shops.

Inventory:

Hand Weapons
 a - a +1 dagger
 k - a +6 spectral club
 o - a +2 dagger of flaming
 s - a +2 dagger of venom (weapon)
 t - a +2 dagger of electrocution
Missiles
 p - 5 poisoned darts (quivered)
 q - 6 atropa-tipped darts
Armour
 b - a +0 robe (worn)
 d - a +2 pair of boots of stealth (worn)
Jewellery
 g - a ring of ice
Scrolls
 e - a scroll of silence
 f - 3 scrolls of teleportation
 r - 3 scrolls of brand weapon
 u - a scroll of immolation {unknown}
Potions
 c - 2 potions of invisibility
 h - 3 potions of flight
 i - a potion of cancellation
 j - a potion of heal wounds
 l - a potion of magic
 m - a potion of mutation {unknown}
 n - a potion of curing {unknown}


   Skills:
 + Level 0.5 Fighting
 + Level 3.2 Short Blades
 - Level 0.3 Maces & Flails
 + Level 3.0 Dodging
 * Level 7.8 Stealth
 + Level 2.3 Spellcasting
 + Level 3.3 Hexes


You had 6 spell levels left.
You knew the following spells:

 Your Spells              Type           Power      Damage    Failure   Level
a - Tukima's Dance        Hex            13%        N/A       14%         3

Your spell library contained the following spells:

 Spells                   Type           Power      Damage    Failure   Level
 Ensorcelled Hibernation  Hex/Ice        14%        N/A       14%         2
 Confusing Touch          Hex            13%        N/A       14%         3
 Beastly Appendage        Tmut           2%         N/A       19%         1
 Wereblood                Tmut           1%         N/A       28%         2
 Dazzling Flash           Conj/Hex       14%        N/A       28%         3
 Spider Form              Tmut/Pois      1%         N/A       50%         3
 Passage of Golubria      Tloc           1%         N/A       88%         4
 Silence                  Hex/Air        3%         N/A       95%         5
 Lehudib's Crystal Spear  Conj/Erth      0%         10d2      100%        8


Dungeon Overview and Level Annotations

Branches:
Dungeon (5/15)
 Temple: D:4-7

Altars:
Dithmenos
Elyvilon
Gozag
Kikubaaqudgha
Qazlal
Sif Muna
Uskayaw

Shops:
D:3 [

Annotations:
D:4 Robin
D:5 1 runed translucent door


Innate Abilities, Weirdness & Mutations

You are small and have problems with some larger weapons.
You are completely attuned to the shadows.


Message History

Found an opulent altar of Gozag.
There is a shadowy altar of Dithmenos here.
There is a shadowy altar of Dithmenos here.
Found a faded altar of an unknown god.
Found a shimmering blue altar of Sif Muna.
There is a shimmering blue altar of Sif Muna here.
There is a faded altar of an unknown god here.
You cannot tell which god this altar belongs to.
Convert to them anyway?
Really abandon Elyvilon for an unknown god?
Qazlal accepts your prayer!
You have lost your religion!
Qazlal welcomes you!
Qazlal grants you and your divine allies immunity to clouds.
You are now surrounded by a storm.
Found a hide-covered altar of Uskayaw.
There is an open door here.
An iguana comes into view.
The iguana hisses angrily.
The iguana completely misses you.
You hit the iguana but do no damage.
The iguana is poisoned.
Your punch misses the iguana. The iguana closely misses you.
You hit the iguana but do no damage.
The iguana looks as sick as possible!
The iguana bites you!
You hit the iguana.
The iguana looks as sick as possible!
The iguana is lightly wounded.
You hit the iguana but do no damage.
The iguana is lightly wounded.
The iguana misses you. The iguana attacks as you move away!
The iguana bites you!
You barely miss the iguana.
The iguana is heavily wounded.
The iguana barely misses you.
You hit the iguana but do no damage.
The iguana looks as sick as possible!
The iguana is heavily wounded.
The iguana bites you!
* * * LOW HITPOINT WARNING * * *
You hit the iguana but do no damage.
The iguana looks as sick as possible!
The iguana is almost dead.
The iguana bites you!
You die...

#..# #..# #..#
#..########
#.........#######
#.#######.#...... #.#
#.#.#####
#######.#######.#.#
.....l@...........#
#######ยง#######.###
#.....# ###_##
#.##### ####...####
#.# ##.........# #.#
###..##...##.. #.#
#_..###_._###.
#.########..#######..
#.......###.........#


You could see an iguana (extremely poisoned).

Vanquished Creatures
  Jessica (D:2)
  An iguana (D:4)
  An orc wizard (D:5)
  5 adders
  A white imp (D:4)
  An ufetubus (D:4)
  2 worms (D:4)
  3 dart slugs
  5 orcs
  4 endoplasms
  4 giant cockroaches
  17 goblins
  8 hobgoblins
  12 kobolds
  5 quokkas
  9 ball pythons
  3 bats
  4 rats
86 creatures vanquished.

Notes
Turn   | Place    | Note
-------+----------+-------------------------------------------
     0 | D:1      | jmlagarto the Kobold Enchanter began the quest for the Orb.
     0 | D:1      | Reached XP level 1. HP: 10/10 MP: 3/3
    65 | D:1      | Found a faded altar of an unknown god.
    71 | D:1      | Prayed at the altar of an unknown god.
    71 | D:1      | Became a worshipper of Elyvilon the Healer
    71 | D:1      | Reached * piety under Elyvilon
    83 | D:1      | Reached XP level 2. HP: 15/15 MP: 5/5
   380 | D:1      | Reached XP level 3. HP: 15/19 MP: 6/6
   602 | D:1      | Reached skill level 5 in Stealth
  1135 | D:1      | Reached ** piety under Elyvilon
  1808 | D:2      | Learned a level 3 spell: Tukima's Dance
  1894 | D:2      | Noticed Jessica
  1898 | D:2      | Killed Jessica
  1899 | D:2      | Reached XP level 4. HP: 24/24 MP: 7/7
  2480 | D:2      | Reached skill level 6 in Stealth
  2944 | D:3      | Reached XP level 5. HP: 28/28 MP: 8/8
  3085 | D:3      | Found Tottitz's Armour Shop.
  3161 | D:3      | Reached *** piety under Elyvilon
  3433 | D:3      | Identified a scroll of acquirement
  3436 | D:3      | Acquired 848 gold pieces
  3488 | D:3      | Bought a +2 pair of boots of stealth for 236 gold pieces
  3723 | D:4      | Noticed Robin
  3739 | D:4      | Reached skill level 7 in Stealth
  3775 | D:4      | Reached XP level 6. HP: 17/33 MP: 9/9
  3925 | D:4      | Found an ancient bone altar of Kikubaaqudgha.
  4192 | D:5      | Entered Level 5 of the Dungeon
  4196 | D:5      | Found a runed translucent gate.
  4550 | D:4      | Found a shadowy altar of Dithmenos.
  4555 | D:4      | Found an opulent altar of Gozag.
  4564 | D:4      | Found a faded altar of an unknown god.
  4565 | D:4      | Found a shimmering blue altar of Sif Muna.
  4570 | D:4      | Prayed at the altar of an unknown god.
  4570 | D:4      | Fell from the grace of Elyvilon
  4570 | D:4      | Became a worshipper of Qazlal Stormbringer
  4570 | D:4      | Reached * piety under Qazlal
  4574 | D:4      | Found a hide-covered altar of Uskayaw.
  4622 | D:4      | Mangled by an iguana

Illustrated notes

Levels and vault maps discovered:
D:1:      minmay_arrival_shattered_statue, layout_basic,
          hellmonk_ecumenical_altar_arch_garden
D:2:      layout_basic, minmay_worlds_worst_comb, uniq_jessica
D:3:      layout_loops_cross, serial_shops, shop, minmay_between
D:4:      layout_loops_ring, nicolae_kikubaaqudgha_miasma_corner,
          chequers_temple_overflow_minitemple, uniq_robin
D:5:      layout_cave_pools, ebering_ghost_gozag, kennysheep_boxes

Skill      XL: |  1  2  3  4  5  6 |
---------------+-------------------+-----
Stealth        | 5 6 7 |  7.8
Short Blades   | 2 3 |  3.2
Dodging        | 3 |  3.0
Fighting       | |  0.5
Maces & Flails | |  0.3
Spellcasting   | |  2.3
Hexes          | |  3.3

Action                   |  1- 3 |  4- 6 || total
-------------------------+-------+-------++-------
Melee: Dagger            |    79 |   116 ||   195
       Club              |       |    24 ||    24
       Punch             |       |     1 ||     1
  Use: Scroll            |       |     9 ||     9
 Stab: Sleeping          |    18 |    21 ||    39
Armor: Robe              |     7 |    18 ||    25
Dodge: Dodged            |    45 |    73 ||   118

Table legend: (Time is in decaauts)
 A = Elapsed time spent in this place.
 B = Non-inter-level travel time spent in this place.
 C = Inter-level travel time spent in this place.
 D = Time resting spent in this place.
 E = Time spent auto-exploring this place.
 F = Levels seen in this place.
 G = Mean time per level.
                   A        B        C        D        E       F      G
               +--------+--------+--------+--------+--------+-----+--------+
         Total |   4604 |   4409 |    195 |      0 |   3738 |   5 |  920.8 |
       Dungeon |   4604 |   4409 |    195 |      0 |   3738 |   5 |  920.8 |
               +--------+--------+--------+--------+--------+-----+--------+

Top non-repeatable levels by time:
     D:1: 1560 daAuts
     D:2: 1349 daAuts
     D:4: 861 daAuts
     D:3: 808 daAuts
     D:5: 25 daAuts
